 Dungeon Crawl Stone Soup version 0.29.1-15-g9cfb28693d (webtiles) character file.

Game seed: 4269896465662858375

17468 Peloso the Carver (level 12, -9/110 HPs)
             Began as a Minotaur Fighter on Feb 25, 2023.
             Was a High Priest of Okawaru.
             Killed from afar by a raiju (21 damage)
             ... with a living lightning
             ... on level 1 of the Abyss.
             The game lasted 00:31:36 (15775 turns).

Peloso the Carver (Minotaur Fighter)               Turns: 15775, Time: 00:31:37

Health: -9/110     AC: 24    Str: 23    XL:     12   Next: 19%
Magic:  13/13      EV: 12    Int:  5    God:    Okawaru [*****.]
Gold:   2170       SH:  6    Dex: 13    Spells: 11/11 levels left

rFire   . . .      SeeInvis .   a - +3 scimitar (flame)
rCold   . . .      Faith    .   d - +0 buckler
rNeg    . . .      Spirit   .   C - +0 plate armour
rPois   .          Reflect  .   (helmet restricted)
rElec   .          Harm     .   z - +2 cloak
rCorr   .          Rampage  .   t - +0 pair of gloves
Will    .....                   (no boots)
Stlth   ..........              (no amulet)
HPRegen 0.28/turn               F - +4 ring of protection
MPRegen 0.13/turn               G - +4 ring of evasion

@: about to teleport
A: horns 2, retaliatory headbutt
a: Renounce Religion, Heroism, Finesse, Duel


You were on level 1 of the Abyss.
You worshipped Okawaru.
Okawaru was extremely pleased with you.
You visited 3 branches of the dungeon, and saw 14 of its levels.
You visited the Abyss 1 time.
You also visited: Ossuary and Bailey.

You collected 2170 gold pieces.

Inventory:

Hand Weapons
 a - a +3 scimitar of flaming (weapon)
 b - a +2 scimitar of freezing
Missiles
 h - a throwing net (quivered)
Armour
 c - a +0 cloak
 d - a +0 buckler (worn)
 k - the +0 pair of gloves of Cowardice {rC+ Int+8 Stlth-}
   (You found it on level 3 of the Dungeon)

   Int:       It affects your intelligence (+8).
   rC:        It protects you from cold.
   Stlth:     It makes you less stealthy.
 t - a +0 pair of gloves (worn)
 z - a +2 cloak (worn)
 C - a +0 plate armour (worn)
Jewellery
 F - a +4 ring of protection (left hand)
 G - a +4 ring of evasion (right hand)
Wands
 v - a wand of digging (4)
 w - a wand of flame (16)
Scrolls
 l - 3 scrolls of enchant weapon
 m - 2 scrolls of magic mapping
 r - a scroll of amnesia
 u - 4 scrolls of silence
 x - a scroll of poison
 y - 2 scrolls of fog
 B - 2 scrolls of brand weapon
 D - a scroll of fear
 E - a scroll of summoning {unknown}
Potions
 f - 5 potions of might
 g - a potion of resistance
 i - 3 potions of magic
 j - a potion of mutation
 n - 2 potions of invisibility
 o - 3 potions of curing
 p - 3 potions of flight {unknown}
 q - 2 potions of cancellation {unknown}
 s - 2 potions of ambrosia {unknown}
 A - 3 potions of haste


   Skills:
 + Level 11.2 Fighting
 + Level 14.4 Long Blades
 + Level 0.6 Throwing
 + Level 12.5 Armour
 + Level 3.5 Dodging
 + Level 1.5 Stealth
 + Level 9.2 Shields
 + Level 3.7 Invocations
 + Level 1.3 Evocations


You had 11 spell levels left.
You didn't know any spells.
Your spell library contained the following spells:

 Spells                   Type           Power      Damage    Failure   Level
 Beastly Appendage        Tmut           0%         N/A       100%        1
 Shock                    Conj/Air       0%         1d3       100%        1
 Blink                    Tloc           0%         N/A       100%        2
 Wereblood                Tmut           0%         N/A       100%        2
 Portal Projectile        Hex/Tloc       0%         N/A       100%        3
 Spider Form              Tmut/Pois      0%         N/A       100%        3
 Swiftness                Air            0%         N/A       100%        3
 Airstrike                Air            0%         2d(0-16)  100%        4
 Hailstorm                Conj/Ice       0%         3d3       100%        4
 Ice Form                 Ice/Tmut       0%         N/A       100%        4
 Blade Hands              Tmut           0%         N/A       100%        5
 Manifold Assault         Tloc           0%         N/A       100%        5
 Storm Form               Tmut/Air       0%         N/A       100%        7
 Tukima's Dance           Hex            Unusable   N/A       N/A         3
 Simulacrum               Ice/Necr       Unusable   N/A       N/A         6

Dungeon Overview and Level Annotations

Branches:
Dungeon (12/15)            Temple (1/1) D:4            Lair (1/5) D:8
    Orc (0/2) D:11        Ossuary (visited)          Bailey (visited)

Altars:
Ashenzari
Cheibriados
Dithmenos
Elyvilon
Fedhas
Gozag
Kikubaaqudgha
Makhleb
Nemelex Xobeh
Okawaru
Qazlal
Ru
Sif Muna
Trog
Uskayaw
Vehumet
Wu Jian
Xom
Yredelemnul
Zin
The Shining One

Shops:
D:8 :

Annotations:
Lair:1 Sonja


Innate Abilities, Weirdness & Mutations

You have a pair of horns on your head.
You reflexively headbutt those who attack you in melee.


Message History

The raiju bites you but does no damage. You block the raiju's attack.
The hell hog bites you!
* * * LOW HITPOINT WARNING * * *
You feel better. The hell hog bites you.
* * * LOW HITPOINT WARNING * * *
The raiju closely misses you. You furiously retaliate!
You headbutt the raiju! You block the raiju's attack.
You slash the hell hog!
The hell hog is severely wounded.
The hell hog closely misses you.
Unknown command.
You barely miss the hell hog.
The hell hog is severely wounded.
The raiju bursts into living lightning!
The living lightning hits you but does no damage.
The raiju blinks!
The raiju bursts into living lightning!
The living lightning hits you!
* * * LOW HITPOINT WARNING * * *
The raiju blinks!
The hell hog bites you but does no damage.
You feel better.
The hell hog bites you but does no damage.
The raiju bites you but does no damage. You block the iron imp's attack.
Unknown command.
You barely miss the hell hog.
The hell hog is severely wounded.
The hell hog bites you but does no damage.
The raiju bursts into living lightning!
The living lightning misses you.
The raiju blinks!
You block the small abomination's attack.
The hell hog bites you but does no damage.
Unknown command.
You slash the hell hog!
The hell hog is almost dead.
The iron imp closely misses you. You furiously retaliate!
You headbutt the iron imp, but do no damage.
The raiju bursts into living lightning!
The living lightning hits you!!
You die...

### . # #.#.#
.. ####.##.#
#.# #.#.
##.## . .
#..# #.§.#..
#.##...##...#
...#.....#
##.


#xhhX## .. #.#@#. #. .####5h.# # . # ..## . .. #§# .... § *# ... . . #. . You
could see a wretched star, a hell hog, a large abomination, 2 raiju, a small
abomination and an iron imp.

Vanquished Creatures
  Erica (D:11)
  A boulder beetle (D:12)
  2 two-headed ogres (D:9)
  2 hell hogs (Abyss:1)
  Amaemon (Lair:1)
  Pikel (D:6)
  2 cyclopes
  Joseph (Lair:1)
  3 gargoyles
  A cane toad (Lair:1)
  An orange demon (Lair:1)
  A komodo dragon (D:11)
  3 trolls
  Prince Ribbit (D:9)
  A hornet (D:9)
  A ynoxinul (Abyss:1)
  A wraith (D:12)
  A water elemental (D:12)
  17 yaks
  A basilisk (Lair:1)
  A vampire (D:12)
  A wyvern (D:10)
  2 small abominations (Abyss:1)
  2 steam dragons
  3 acid dragons
  A water moccasin (D:9)
  13 orc warriors
  3 black bears
  4 sky beasts
  An ogre (D:6)
  4 lemures (D:6)
  4 centaurs
  9 kobold brigands
  2 bullfrogs
  2 gnoll sergeants
  A water moccasin zombie (Ossuary)
  9 wights
  5 killer bees (D:7)
  An electric eel (D:12)
  3 howler monkeys
  A bullfrog zombie (Ossuary)
  4 centaur zombies (Ossuary)
  2 hounds
  2 jellies (D:6)
  5 orc priests
  Ijyb (D:5)
  2 iguanas
  4 orc wizards
  A scorpion zombie (Ossuary)
  3 ogre zombies (Ossuary)
  8 gnolls
  6 adders
  2 shadow imps
  An ufetubus (Abyss:1)
  3 adder zombies (Ossuary)
  A worm (D:5)
  4 dart slugs
  58 orcs
  7 endoplasms
  2 giant cockroaches
  7 goblins
  7 hobgoblins
  10 jackals
  14 kobolds
  3 quokkas
  8 ball pythons
  4 bats
  6 frilled lizards
  5 gnoll zombies (Ossuary)
  3 goblin zombies (Ossuary)
  2 orc zombies (Ossuary)
  5 rats
  2 butterflies (D:6)
307 creatures vanquished.

Vanquished Creatures (others)
  A ynoxinul (Abyss:1)
  A kobold (D:6)
  3 plants (Lair:1)
5 creatures vanquished.

Grand Total: 312 creatures vanquished

Notes
Turn   | Place    | Note
-------+----------+-------------------------------------------
     0 | D:1      | Peloso the Minotaur Fighter began the quest for the Orb.
     0 | D:1      | Reached XP level 1. HP: 19/19 MP: 0/0
   222 | D:1      | Reached XP level 2. HP: 27/27 MP: 1/1
   528 | D:1      | Reached XP level 3. HP: 30/33 MP: 2/2
  1457 | D:2      | Found a faded altar of an unknown god.
  1590 | D:3      | Found a glowing golden altar of the Shining One.
  1753 | D:3      | Reached XP level 4. HP: 36/41 MP: 3/3
  1757 | D:3      | Identified the +0 pair of gloves of Cowardice {rC+ Int+8
                  | Stlth-}
  2368 | D:4      | Found a staircase to the Ecumenical Temple.
  2394 | D:4      | Reached skill level 3 in Long Blades
  2462 | D:4      | Found a sand-covered staircase.
  2482 | Ossuary  | Entered an ossuary
  2640 | Ossuary  | Reached skill level 1 in Dodging
  2640 | Ossuary  | Reached XP level 5. HP: 20/47 MP: 4/4
  2870 | Ossuary  | Reached skill level 4 in Long Blades
  2909 | Ossuary  | Reached skill level 5 in Armour
  2939 | Ossuary  | Reached XP level 6. HP: 42/55 MP: 5/5
  3098 | Ossuary  | Reached skill level 5 in Fighting
  3098 | Ossuary  | Reached skill level 5 in Long Blades
  3243 | Ossuary  | Noticed a silent spectre
  3697 | Ossuary  | Identified a scroll of acquirement
  3697 | Ossuary  | Acquired 693 gold pieces
  4040 | D:4      | Found a snail-covered altar of Cheibriados.
  4393 | Temple   | Entered the Ecumenical Temple
  4403 | Temple   | Became a worshipper of Warmaster Okawaru
  4432 | D:5      | Entered Level 5 of the Dungeon
  4438 | D:5      | Reached XP level 7. HP: 60/61 MP: 6/6
  4519 | D:5      | Reached skill level 5 in Shields
  4526 | D:5      | Noticed Ijyb
  4553 | D:5      | Killed Ijyb
  5094 | D:6      | Found a shimmering altar of Xom.
  5243 | D:6      | Reached skill level 6 in Long Blades
  5294 | D:6      | Reached * piety under Okawaru
  5620 | D:6      | Reached XP level 8. HP: 70/70 MP: 7/7
  5690 | D:6      | Reached skill level 7 in Long Blades
  6117 | D:6      | Found a glowing silver altar of Zin.
  6571 | D:6      | Reached ** piety under Okawaru
  6806 | D:7      | Noticed Pikel
  6921 | D:6      | Reached skill level 8 in Long Blades
  7096 | D:6      | Killed Pikel
  7097 | D:6      | Reached XP level 9. HP: 39/78 MP: 5/8
  7273 | D:7      | Reached skill level 9 in Long Blades
  7413 | D:7      | Noticed a troll
  7426 | D:7      | Killed a troll
  7676 | D:7      | Reached *** piety under Okawaru
  7677 | D:7      | Reached skill level 1 in Invocations
  8183 | D:7      | Reached skill level 10 in Long Blades
  8855 | D:8      | Found Istrut Peysu's Book Shoppe.
  8915 | D:8      | Found a flagged portal.
  8930 | Bailey   | Entered a bailey
  9007 | Bailey   | Received a gift from Okawaru
  9020 | Bailey   | Reached XP level 10. HP: 37/88 MP: 7/10
  9492 | Bailey   | Reached skill level 11 in Long Blades
  9586 | Bailey   | Found an iron altar of Okawaru.
  9669 | D:9      | Noticed a two-headed ogre
  9682 | D:9      | Killed a two-headed ogre
  9682 | D:9      | Reached **** piety under Okawaru
 10236 | D:9      | Reached skill level 10 in Armour
 10430 | D:9      | Found a sacrificial altar of Ru.
 10430 | D:9      | Noticed a two-headed ogre
 10883 | D:9      | Reached skill level 1 in Stealth
 10982 | D:9      | Killed a two-headed ogre
 10983 | D:9      | Reached skill level 12 in Long Blades
 11022 | D:9      | Noticed Prince Ribbit
 11031 | D:9      | Killed Prince Ribbit
 11401 | D:9      | Found a broken altar of Ashenzari.
 11549 | D:10     | Entered Level 10 of the Dungeon
 11835 | D:10     | Reached XP level 11. HP: 96/97 MP: 12/12
 12374 | D:10     | You fall into a shaft and drop 2 floors!
 12393 | D:12     | Noticed a boulder beetle
 12456 | D:12     | Reached skill level 13 in Long Blades
 12457 | D:12     | Killed a boulder beetle
 12457 | D:12     | Reached ***** piety under Okawaru
 12699 | D:12     | Reached skill level 10 in Fighting
 13473 | D:11     | Noticed Erica
 13502 | D:11     | Killed Erica
 13622 | D:11     | Identified the +5 ring mail of Okawaru's Pride {rC+ MP+9
                  | Str-5 Int+4} (Okawaru gifted it to you on level 11 of the
                  | Dungeon)
 13622 | D:11     | Received a gift from Okawaru
 13627 | D:11     | Reached skill level 1 in Evocations
 14057 | D:11     | Reached skill level 14 in Long Blades
 14550 | D:11     | Found a staircase to the Orcish Mines.
 14907 | D:8      | Found a staircase to the Lair.
 14917 | Lair:1   | Entered Level 1 of the Lair of Beasts
 14936 | Lair:1   | Noticed Joseph
 14949 | Lair:1   | Killed Joseph
 15094 | Lair:1   | Noticed Amaemon
 15110 | Lair:1   | Killed Amaemon
 15123 | Lair:1   | Reached XP level 12. HP: 108/108 MP: 6/13
 15325 | Lair:1   | Noticed Sonja
 15346 | Abyss:1  | Cast into level 1 of the Abyss (Sonja)
 15738 | Abyss:1  | Noticed a hell hog
 15753 | Abyss:1  | Noticed a hell hog
 15758 | Abyss:1  | Noticed a hell hog
 15760 | Abyss:1  | Killed a hell hog
 15768 | Abyss:1  | Killed a hell hog
 15772 | Abyss:1  | HP: 5/110 [raiju/living lightning (13)]
 15775 | Abyss:1  | Killed from afar by a raiju

Illustrated notes

Levels and vault maps discovered:
D:1:      minmay_arrival_jagged, layout_loops_ring
D:2:      layout_rooms, ebering_ecumenical_altar_box
D:3:      layout_basic, mainiacjoe_overflow_boulevard
D:4:      layout_loops_ring, mainiacjoe_overflow_cross_hatched,
          minmay_temple_entry_statues_pillars, enter_ossuary_2
D:5:      layout_rooms, uniq_ijyb
D:6:      layout_loops_ring, xom_butterflies, lemuel_tele_altar,
          roderic_roman_lattice
D:7:      layout_layer_cave, uniq_pikel
D:8:      minmay_the_grid_four_pointed_star
          [minmay_the_grid_triangle_9x9_flanged_cone,
          minmay_the_grid_triangle_9x9_shrine,
          minmay_the_grid_triangle_9x9_corruption,
          minmay_the_grid_triangle_9x9_impossible_snake,
          minmay_the_grid_prize_diamond_cup], layout_cave_pods,
          mainiacjoe_overflow_tiny_flanked, lair_entry_dummy, enter_bailey_5,
          serial_shops, nicolae_stop_n_shop_1, kennysheep_generic_room_3
D:9:      layout_roguey [special_room_orc], gammafunk_temple_overflow_pools,
          chequers_serial_rivers_large_a, uniq_prince_ribbit1
D:10:     layout_basic
D:11:     layout_rooms, david_orc_2, minmay_misc_feat_roman, uniq_erica
D:12:     layout_basic, nzn_sisyphean_effort
Temple:   hellmonk_temple_two_chambers
Lair:1:   layout_regular_city, columned_hall_lemuel, uniq_sonja, uniq_amaemon,
          uniq_joseph
Abyss:1:  base:
D:6

Skill      XL: |  1  2  3  4  5  6  7  8  9 10 11 12 |
---------------+-------------------------------------+-----
Fighting       | 4 5 6 8 9 10 11 | 11.2
Shields        | 4 5 6 7 8 9 |  9.2
Armour         | 4 5 6 8 9 10 12 | 12.5
Long Blades    | 3 4 5 6 8 10 12 14 | 14.4
Dodging        | 1 2 3 |  3.5
Invocations    | 1 2 3 |  3.7
Stealth        | 1 |  1.5
Evocations     | 1 |  1.3
Throwing       | |  0.6

Action                   |  1- 3 |  4- 6 |  7- 9 | 10-12 || total
-------------------------+-------+-------+-------+-------++-------
Melee: Long sword        |    94 |   133 |   268 |       ||   495
       Headbutt          |    14 |    36 |    70 |   111 ||   231
       Scimitar          |       |       |    99 |   454 ||   553
Throw: Throwing net      |       |       |       |     3 ||     3
Invok: Heroism           |       |       |     9 |    18 ||    27
       Finesse           |       |       |       |     1 ||     1
Evoke: Wand              |       |       |       |    11 ||    11
  Use: Potion            |     2 |       |     7 |     8 ||    17
       Scroll            |     5 |     9 |     5 |     6 ||    25
Armor: Scale mail        |    55 |    86 |       |       ||   141
       Plate armour      |       |     6 |   243 |   195 ||   444
Dodge: Dodged            |    44 |    84 |   103 |   135 ||   366
Block: Buckler           |    26 |    42 |    91 |   108 ||   267
